 Dungeon Crawl Stone Soup version 0.26.1-2-gb8aa6d0cf2 (webtiles) character file.

Game seed: 11996054381055879659

112 Ladykiller69 the Chucker (level 4, -3/48 HPs)
             Began as an Ogre Hunter on Mar 16, 2021.
             Killed by nerve-wracking pain
             ... invoked by an orc priest
              (8 damage)
             ... on level 3 of the Dungeon.
             The game lasted 00:05:20 (3046 turns).

Ladykiller69 the Chucker (Ogre Hunter)              Turns: 3046, Time: 00:05:21

Health: -3/48      AC:  6    Str: 16    XL:     4   Next: 93%
Magic:  4/4        EV: 10    Int: 12    God:
Gold:   100        SH:  0    Dex: 10    Spells: 3/3 levels left

rFire    . . .     SeeInvis .   s - +0 mace
rCold    . . .     Faith    .   (no shield)
rNeg     . . .     Spirit   .   b - +0 robe
rPois    .         Reflect  .   a - +2 hat
rElec    .         Harm     .   e - +0 cloak
rCorr    .         Rampage  .   (gloves unavailable)
Will     .....                  (boots unavailable)
Stlth    +.........             (no amulet)
HPRegen  0.16/turn              (no ring)
MPRegen  0.09/turn              (no ring)

@: mighty
A: large, unfitting armour, tough skin 1
a: no special abilities


You were on level 3 of the Dungeon.
You visited 1 branch of the dungeon, and saw 3 of its levels.

You collected 100 gold pieces.

Inventory:

Hand Weapons
 s - a +0 mace (weapon)
Missiles
 c - 5 large rocks
 d - 2 throwing nets
 i - 94 stones (quivered)
Armour
 a - a +2 hat (worn)
 b - a +0 robe (worn)
 e - a +0 cloak (worn)
Jewellery
 f - an uncursed amulet of magic regeneration {unknown}
 j - a cursed -4 ring of intelligence {unknown}
 n - a +6 ring of dexterity {unknown}
 t - an uncursed ring of positive energy {unknown}
 x - a cursed -4 ring of dexterity {unknown}
 y - an uncursed amulet of reflection {unknown}
 z - an uncursed ring of poison resistance {unknown}
Scrolls
 g - 2 scrolls of identify
 l - a scroll of blinking {unknown}
 m - a scroll of teleportation {unknown}
 o - 3 scrolls of remove curse {unknown}
Potions
 h - a potion of heal wounds {unknown}
 k - a potion of might
 p - a potion of invisibility {unknown}
 q - a potion of resistance {unknown}
 r - a potion of haste {unknown}
 u - a potion of attraction {unknown}
 v - a potion of ambrosia {unknown}
 w - a potion of degeneration {unknown}


   Skills:
 + Level 3.9 Fighting
 * Level 2.7 Maces & Flails
 - Level 4.0 Throwing
 + Level 2.6 Dodging
 - Level 0.6 Stealth


You had 3 spell levels left.
You didn't know any spells.
Your spell library was empty.

Dungeon Overview and Level Annotations

Branches:
Dungeon (3/15)

Altars:
Nemelex Xobeh


Innate Abilities, Weirdness & Mutations

You are too large for most types of armour.
You have tough skin. (AC +1)


Message History

You hit the orc priest but do no damage.
The orc priest is lightly wounded.
The orc priest mumbles some strange prayers to Beogh against you.
Beogh smites you! The orc hits you with a +0 mace!
* * * LOW HITPOINT WARNING * * *
As you read the scroll labelled JYEBLI AXASM, it crumbles to dust.
It is a scroll of identify.
k - 2 potions of might The orc priest closely misses you.
The orc hits you with a +0 mace.
* * * LOW HITPOINT WARNING * * *
Okay, then.
Okay, then.
You feel very mighty all of a sudden.
The orc priest hits you with a +0 short sword.
* * * LOW HITPOINT WARNING * * *
You hit the orc priest but do no damage.
The orc priest is lightly wounded.
The orc priest mumbles some strange prayers to Beogh against you.
Pain shoots through your body!
You die...

######## #
###############......###
#.....).......+........+
#.#####...#####......###
#..o.o..#.### #......# #
#..######o..# #......# .
#......@oo#.###......#
...####.....###.#..##......#
.!..o...#.#.###.##.##......###
....##.>...................†..
.o #.#####...#############.)
... ....# #.# #.## ...# #.# #.
...# #.# # #.## #.#


You could see an orc priest and 2 orcs.

Vanquished Creatures
  A hound zombie (D:3)
  5 adders
  2 worms (D:2)
  3 dart slugs
  2 leopard geckos
  4 goblins (D:2)
  4 hobgoblins (D:1)
  4 jackals (D:1)
  4 bats
  4 frilled lizards
  7 kobolds
  2 rats (D:1)
42 creatures vanquished.

Vanquished Creatures (others)
  5 plants (D:2)
5 creatures vanquished.

Grand Total: 47 creatures vanquished

Notes
Turn   | Place    | Note
-------+----------+-------------------------------------------
     0 | D:1      | Ladykiller69 the Ogre Hunter began the quest for the Orb.
     0 | D:1      | Reached XP level 1. HP: 22/22 MP: 1/1
   332 | D:1      | Reached XP level 2. HP: 21/31 MP: 2/2
   616 | D:1      | Reached skill level 1 in Maces & Flails
  1100 | D:2      | Reached XP level 3. HP: 34/37 MP: 3/3
  1330 | D:2      | Found a sparkling altar of Nemelex Xobeh.
  2148 | D:2      | Reached XP level 4. HP: 41/45 MP: 4/4
  3046 | D:3      | Killed from afar by an orc priest

Illustrated notes

Levels and vault maps discovered:
D:1:      heliophobic_arrival_ceremonial_halls, layout_rooms
D:2:      layout_loops_cross, overflow_temple_1_default, grunt_ministairs_2,
          guppyfry_early_lair_pool
D:3:      layout_basic

Skill      XL: |  1  2  3 |
---------------+----------+-----
Fighting       | 3 |  3.9
Dodging        | 2 |  2.6
Maces & Flails | 1 2 |  2.7
Throwing       | |  4.0
Stealth        | |  0.6

Action                   |  1- 3 |  4- 6 || total
-------------------------+-------+-------++-------
Melee: Short sword       |    36 |       ||    36
       Club              |    79 |       ||    79
       Mace              |    18 |    79 ||    97
Throw: Large rock        |     4 |       ||     4
       Stone             |    24 |     8 ||    32
  Use: Scroll            |       |     1 ||     1
       Potion            |       |     1 ||     1
Armor: Robe              |    47 |    36 ||    83
Dodge: Dodged            |    73 |    52 ||   125
